 Dungeon Crawl Stone Soup version 0.30-a0-341-g682706514a (webtiles) character file.

Game seed: 804048607225298605

78899 brightshaft the Bludgeoner (level 15, -11/138 HPs)
             Began as an Armataur Berserker on Nov 2, 2022.
             Was a High Priest of Trog.
             Killed from afar by a lich (41 damage)
             ... with a bolt of cold
             ... on level 1 of the Abyss on Nov 4, 2022.
             The game lasted 00:48:04 (20046 turns).

brightshaft the Bludgeoner (Armataur Berserker)    Turns: 20046, Time: 00:48:05

Health: -11/138    AC: 50    Str: 30    XL:     15   Next: 19%
Magic:  15/15      EV:  5    Int:  9    God:    Trog [*****.]
Gold:   2136       SH: 15    Dex: 10    Spells: 14/14 levels left

rFire   . . .      SeeInvis .    b - +6 morningstar
rCold   . . .      Faith    .    f - +3 kite shield
rNeg    . . .      Spirit   .    T - +6 shadow dragon scales of the Gusle {rCorr Str+2 Stlth++++}
rPois   .          Reflect  .    t - +2 helmet
rElec   +          Harm     .    G - +0 cloak
rCorr   +          Roll     +    l - +2 pair of gloves
Will    +++..                    D - +6 lightning scales {swift, rElec}
Stlth   +++.......               x - amulet of the acrobat
HPRegen 1.43/turn                y - +4 ring of protection
MPRegen 0.14/turn                v - +4 ring of protection

@: strong-willed, on berserk cooldown, regenerating, slowed, very slow
A: large, rugged brown scales 3, deformed body, armoured tail, roll, long
tongue, awkward tongue
a: Renounce Religion, Berserk, Trog's Hand, Brothers in Arms


You were on level 1 of the Abyss.
You worshipped Trog.
Trog was extremely pleased with you.
You visited 2 branches of the dungeon, and saw 19 of its levels.
You visited the Abyss 1 time.
You also visited: Ice Cave.

You collected 2241 gold pieces.
You spent 105 gold pieces at shops.

Inventory:

Hand Weapons
 a - a +4 antimagic morningstar
 b - a +6 morningstar (weapon)
 F - a +3 morningstar
 O - a +3 morningstar of protection
Missiles
 c - 3 throwing nets
 o - 9 javelins
Armour
 f - a +3 kite shield (worn)
 l - a +2 pair of gloves (worn)
 t - a +2 helmet (worn)
 D - the +6 lightning scales (worn) {swift, rElec}
   (You acquired it on level 9 of the Dungeon)

   It allows the wearer to cover ground more swiftly.
   rElec:     It insulates you from electricity.
 G - a +0 cloak (worn)
 T - the +6 shadow dragon scales of the Gusle (worn) {rCorr Str+2 Stlth++++}
   (You found it in an ice cave)

   Str:       It affects your strength (+2).
   rCorr:     It protects you from acid and corrosion.
   Stlth:     It makes you much more stealthy.
Jewellery
 i - a ring of willpower
 j - a +4 ring of evasion
 q - a ring of protection from fire
 v - a +4 ring of protection (right hand)
 x - an amulet of the acrobat (around neck)
 y - a +4 ring of protection (left hand)
 Q - a ring of see invisible
 U - a +4 ring of protection
Wands
 s - a wand of flame (84) (quivered) {@v2}
 w - a wand of digging (10)
 H - a wand of acid (10)
 J - a wand of mindburst (9) {@v3}
 R - a wand of iceblast (8)
Scrolls
 m - 6 scrolls of fear
 z - 10 scrolls of teleportation {@r4}
 A - 3 scrolls of magic mapping
 C - a scroll of summoning
 K - 6 scrolls of blinking
 L - a scroll of enchant weapon
 M - 5 scrolls of identify {@r1}
 S - a scroll of poison
 V - a scroll of enchant armour
Potions
 d - 7 potions of brilliance
 e - 6 potions of invisibility
 g - 3 potions of attraction
 h - 3 potions of mutation
 k - 4 potions of haste {@q3}
 n - a potion of flight
 p - 4 potions of might
 r - 4 potions of lignification
 u - a potion of heal wounds {@q2}
 B - a potion of magic
 E - a potion of resistance
 I - 7 potions of curing {@q1}
 P - a potion of cancellation
Miscellaneous
 N - a tin of tremorstones (2/2)


   Skills:
 + Level 11.1 Fighting
 - Level 0.1 Short Blades
 - Level 16.0 Maces & Flails
 + Level 14.0 Armour
 - Level 1.3 Dodging
 + Level 2.2 Stealth
 + Level 13.3 Shields
 + Level 6.8 Evocations


You had 14 spell levels left.
You didn't know any spells.
Your spell library was empty.

Dungeon Overview and Level Annotations

Branches:
Dungeon (14/15)            Temple (0/1) D:6            Lair (5/5) D:10
 Shoals (0/4) Lair:3        Snake (0/4) Lair:3        Slime (0/5) Lair:4
    Orc (0/2) D:9          Vaults (0/5) D:13          IceCv (visited)

Altars:
Ashenzari
Cheibriados
Dithmenos
Elyvilon
Gozag
Makhleb
Nemelex Xobeh
Okawaru
Ru
Sif Muna
Trog
Vehumet
The Shining One
Jiyva

Shops:
D:10 :=??   D:13 (

Portals:
Hell: Lair:5
Trove: D:13 (give 5 scrolls of fog)

Annotations:
D:3 exclusion: statue
D:9 3 runed translucent doors
D:11 Sonja


Innate Abilities, Weirdness & Mutations

You are completely covered in rugged brown scales. (AC +3, +7% HP)
Armour fits poorly on your strangely shaped body.
You have a long armoured tail.
You roll when moving toward enemies. (Rampage)
Your long tongue fully drains potion bottles. (2x potion effects)
Your tongue gives you trouble enunciating. (1.5x scroll delay)


Message History

Sonja barely misses you. Sonja hits you but does no damage.
You are cast into the Abyss!
This branch contains the abyssal rune of Zot.
You feel a strong urge to attack something.
You feel your anger nearly subside.
You are no longer berserk.
You are exhausted.
You feel as though you will be slow longer.
A lich comes into view.
The lich shouts!
The lich gestures at you while chanting.
You feel as though you will be slow longer.
The lich mumbles some strange words.
The lich seems to speed up.
The lich misses you.
The lich casts a spell.
The lich flickers and vanishes!
Deactivating autopickup; reactivate with Ctrl-A.
Something touches you but does no damage.
You block something's attack.
Something touches you but does no damage.
Something touches you.
You hear some strange, mumbled words.
A bolt of cold appears from out of thin air!
The bolt of cold hits you!!! You block something's attack.
You hear some strange, mumbled words.
You feel as though you will be slow longer.
Something touches you but does no damage. x2
Something barely misses you. You block something's attack.
Something closely misses you. You block something's attack.
Your skin crawls.
You feel strong-willed.
Something conjures a glowing orb.
The wavering orb of destruction weakly hits you!!
* * * LOW HITPOINT WARNING * * *
A chaos spawn comes into view.
You hear some strange, mumbled words.
A bolt of cold appears from out of thin air!
The bolt of cold hits you!!!
You die...

.#..# ..... .
....###.#.#.... .
#.#....#.#.# ......
#....#......#. ...
##.......... . .. .
......... #........
#.....{### . ....
.#....@#... . ..
#..................
##..#.#......... .
..#..#....#..... ..
##.#..........# #..
##..#.##...#... .
#.... ...##....
#.... #4.# .. . #..
. . .....


You could see a chaos spawn (wandering).

Vanquished Creatures
  Josephine (D:11)
  8 vault guards (D:13)
  A hell beast (Lair:5)
  2 catoblepae
  4 hydras
  5 centaur warriors
  A two-headed ogre (D:12)
  A tengu warrior (D:10)
  2 boulder beetles
  18 death yaks
  Urug (Lair:3)
  A wizard (Lair:5)
  An orange crystal statue (D:9)
  9 ugly things
  5 cyclopes
  A manticore (D:14)
  11 elephants
  3 ice statues (IceCv)
  3 black mambas (Lair:5)
  2 orange demons (Lair:5)
  A torpor snail (Lair:1)
  A gargoyle (D:14)
  11 cane toads
  6 rime drakes
  An ice devil (Lair:5)
  12 komodo dragons
  A freezing wraith (IceCv)
  A hellwing (Lair:5)
  2 anaconda simulacra (IceCv)
  A red devil (Lair:5)
  3 meliai (D:12)
  2 hornets
  3 trolls
  3 slime creatures (D:12)
  10 dream sheep
  19 blink frogs
  Prince Ribbit (D:8)
  Sigmund (D:5)
  4 basilisks
  4 wyverns
  3 shadows
  2 wraiths
  64 yaks
  2 steam dragons
  10 vampire mosquitoes
  A death yak simulacrum (IceCv)
  2 acid dragons (D:11)
  3 wargs (D:10)
  A harpy simulacrum (IceCv)
  3 hell hounds (Lair:5)
  Duvessa (D:6)
  15 water moccasins
  2 black bears
  5 sky beasts (D:7)
  2 ice beasts
  5 orc warriors
  8 centaurs
  An ogre (shapeshifter) (D:10)
  10 wolves
  A phantom (D:5)
  Blork the orc (D:6)
  3 kobold brigands
  2 gnoll sergeants
  10 bullfrogs
  3 scorpions
  A cane toad simulacrum (IceCv)
  Dowan (D:6)
  8 wights
  5 killer bees (D:10)
  2 elephant simulacra (IceCv)
  6 electric eels
  4 howler monkeys
  4 hounds
  A gnoll bouda (D:7)
  14 orc priests
  5 iguanas
  24 orc wizards
  A wolf simulacrum (IceCv)
  6 gnolls
  11 adders
  A shadow imp (D:7)
  15 white imps
  3 worms
  A dart slug (D:4)
  53 orcs
  2 bats
  7 endoplasms
  3 giant cockroaches
  4 goblins
  4 hobgoblins
  10 jackals
  2 quokkas
  6 ball pythons
  5 frilled lizards
  18 kobolds
  5 rats
559 creatures vanquished.

Vanquished Creatures (collateral kills)
  An ice devil (Lair:5)
  A red devil (Lair:5)
  An orc (D:9)
3 creatures vanquished.

Vanquished Creatures (others)
  An orc wizard (D:8)
  A bush (Lair:5)
  A butterfly (D:9)
  12 fungi
  44 plants
59 creatures vanquished.

Grand Total: 621 creatures vanquished

Notes
Turn   | Place    | Note
-------+----------+-------------------------------------------
     0 | D:1      | brightshaft the Armataur Berserker began the quest for the
                  | Orb.
     0 | D:1      | Reached XP level 1. HP: 19/19 MP: 1/1
    58 | D:1      | Reached skill level 3 in Maces & Flails
    58 | D:1      | Reached XP level 2. HP: 2/26 MP: 2/2
   351 | D:1      | Found a faded altar of an unknown god.
   668 | D:1      | Reached XP level 3. HP: 32/32 MP: 3/3
   745 | D:2      | Reached ** piety under Trog
   893 | D:2      | Reached skill level 4 in Maces & Flails
   893 | D:2      | Found an iron altar of Okawaru.
  1035 | D:2      | Identified the +7 rapier of Quantum Leap {freeze, Drain
                  | +Blink Int+4 Dex+3}
  1114 | D:2      | Reached XP level 4. HP: 39/39 MP: 4/4
  1949 | D:3      | Found a radiant altar of Vehumet.
  1949 | D:3      | Noticed a charred statue
  2209 | D:4      | Noticed a black bear
  2244 | D:4      | Reached XP level 5. HP: 17/48 MP: 5/5
  2419 | D:4      | Reached *** piety under Trog
  2716 | D:4      | Killed a black bear
  2717 | D:4      | Reached skill level 5 in Maces & Flails
  2717 | D:4      | Reached XP level 6. HP: 49/55 MP: 6/6
  2917 | D:5      | Entered Level 5 of the Dungeon
  3111 | D:5      | Found a burning altar of Makhleb.
  3226 | D:5      | Reached XP level 7. HP: 61/64 MP: 7/7
  3241 | D:5      | Reached skill level 5 in Armour
  3361 | D:5      | Noticed Sigmund
  3384 | D:5      | Killed Sigmund
  3511 | D:5      | Reached skill level 5 in Fighting
  3511 | D:5      | Reached skill level 6 in Maces & Flails
  3529 | D:5      | Found a bloodstained altar of Trog.
  3897 | D:6      | Reached XP level 8. HP: 72/72 MP: 8/8
  3993 | D:6      | Noticed Dowan
  4002 | D:6      | Killed Dowan
  4028 | D:6      | Noticed Duvessa
  4038 | D:6      | Killed Duvessa
  4408 | D:6      | Found a staircase to the Ecumenical Temple.
  4432 | D:6      | Reached skill level 7 in Maces & Flails
  4686 | D:6      | Noticed Blork the orc
  4693 | D:6      | Killed Blork the orc
  4782 | D:6      | Identified the +7 short sword "Jymuss" {freeze, rCorr Int-2
                  | Dex+3 SInv}
  4834 | D:6      | Found an opulent altar of Gozag.
  4836 | D:6      | Found a sparkling altar of Nemelex Xobeh.
  4840 | D:6      | Reached **** piety under Trog
  4956 | D:7      | Reached XP level 9. HP: 32/82 MP: 9/9
  5087 | D:7      | Reached skill level 8 in Maces & Flails
  5128 | D:7      | Reached skill level 1 in Shields
  5610 | D:7      | Found a shadowy altar of Dithmenos.
  5740 | D:7      | Reached skill level 9 in Maces & Flails
  5803 | D:7      | Found a shimmering blue altar of Sif Muna.
  6213 | D:7      | Reached XP level 10. HP: 89/92 MP: 10/10
  6324 | D:8      | Noticed Prince Ribbit
  6337 | D:8      | Killed Prince Ribbit
  6512 | D:8      | Found a glowing golden altar of the Shining One.
  6548 | D:8      | Reached ***** piety under Trog
  6795 | D:8      | Identified the +0 ring mail of the Farmer {rPois Int+2}
  6950 | D:9      | Received a gift from Trog
  6964 | D:9      | Reached skill level 10 in Maces & Flails
  6979 | D:8      | Reached skill level 5 in Shields
  7101 | D:9      | Reached skill level 10 in Armour
  7189 | D:9      | Found a runed translucent door.
  7202 | D:9      | Found a runed translucent door.
  7249 | D:9      | Found a runed translucent door.
  7285 | D:9      | Found a runed translucent door.
  7303 | D:9      | Noticed an orange crystal statue
  7315 | D:9      | Killed an orange crystal statue
  7386 | D:9      | Identified a scroll of acquirement
  7386 | D:9      | Acquired the +6 lightning scales {swift, rElec}
  7386 | D:9      | Found the +6 lightning scales {swift, rElec}
  7524 | D:9      | Found a white marble altar of Elyvilon.
  7686 | D:9      | Found a staircase to the Orcish Mines.
  7892 | D:9      | Reached XP level 11. HP: 100/100 MP: 3/11
  8008 | D:9      | Found a broken altar of Ashenzari.
  8038 | D:10     | Entered Level 10 of the Dungeon
  8355 | D:10     | Noticed a tengu warrior
  8384 | D:10     | Killed a tengu warrior
  8385 | D:10     | Reached skill level 11 in Maces & Flails
  8389 | D:10     | Noticed a red ugly thing
  8398 | D:10     | Noticed a boulder beetle
  8433 | D:10     | Killed a red ugly thing
  8479 | D:10     | Killed a boulder beetle
  8583 | D:10     | Found Tihizol's Magic Scroll Shoppe.
  8746 | D:10     | Reached skill level 12 in Maces & Flails
  8765 | D:10     | Found a snail-covered altar of Cheibriados.
  8913 | D:10     | Found a staircase to the Lair.
  9173 | D:10     | Found Xiadwaco's Magic Scroll Emporium.
  9181 | D:10     | Bought a scroll of enchant weapon for 105 gold pieces
  9279 | D:10     | Found Icku's Jewellery Shoppe.
  9340 | D:10     | Found Gaomed's Book Shoppe.
  9604 | Lair:1   | Entered Level 1 of the Lair of Beasts
 10260 | Lair:1   | Reached XP level 12. HP: 100/109 MP: 4/12
 10301 | Lair:1   | Reached skill level 13 in Maces & Flails
 11585 | Lair:3   | Noticed a seven-headed hydra
 11606 | Lair:2   | Reached skill level 14 in Maces & Flails
 11683 | Lair:2   | Killed a seven-headed hydra
 11684 | Lair:2   | Reached skill level 10 in Shields
 11989 | Lair:3   | Noticed Urug
 12000 | Lair:3   | Killed Urug
 12071 | Lair:3   | Found a staircase to the Snake Pit.
 12083 | Lair:3   | Noticed a catoblepas
 12117 | Lair:3   | Killed a catoblepas
 12371 | Lair:3   | Reached skill level 15 in Maces & Flails
 12449 | Lair:3   | Found a staircase to the Shoals.
 12646 | Lair:4   | Noticed a death yak
 12646 | Lair:4   | Noticed a death yak
 12646 | Lair:4   | Noticed a death yak
 12646 | Lair:4   | Noticed a death yak
 12647 | Lair:4   | Noticed a death yak
 12655 | Lair:3   | Killed a death yak
 12657 | Lair:4   | Noticed a death yak
 12658 | Lair:4   | Noticed a death yak
 12668 | Lair:3   | Killed a death yak
 12676 | Lair:3   | Killed a death yak
 12677 | Lair:3   | Reached XP level 13. HP: 81/114 MP: 4/13
 12788 | Lair:3   | Received a gift from Trog
 13149 | Lair:4   | Reached skill level 16 in Maces & Flails
 13632 | Lair:4   | Found a viscous altar of Jiyva.
 13632 | Lair:4   | Found a staircase to the Slime Pits.
 13781 | Lair:5   | Entered Level 5 of the Lair of Beasts
 13994 | Lair:5   | Reached skill level 1 in Evocations
 14193 | Lair:5   | Reached XP level 14. HP: 104/126 MP: 14/14
 14271 | Lair:5   | Found a burning altar of Makhleb.
 14392 | Lair:5   | Found a gateway to Hell.
 14399 | Lair:5   | Identified the +9 arbalest "Febostra" {flame, rElec}
 14911 | Lair:5   | Reached skill level 10 in Fighting
 16252 | D:11     | Received a gift from Trog
 16334 | D:11     | Identified the +5 quarterstaff of Triumph {spect, Fragile
                  | rN+ Str+3}
 16356 | D:11     | You fall into a shaft and drop 3 floors!
 16521 | D:14     | Reached skill level 5 in Evocations
 17296 | D:13     | Found a portal to a secret trove of treasure.
 17363 | D:13     | Found a gate to the Vaults.
 17733 | D:13     | Found a frozen archway.
 17764 | IceCv    | Entered an ice cave
 17895 | IceCv    | Reached XP level 15. HP: 136/136 MP: 15/15
 18166 | IceCv    | Identified the +6 shadow dragon scales of the Gusle {rCorr
                  | Str+2 Stlth++++}
 18428 | D:13     | Found a sacrificial altar of Ru.
 18602 | D:13     | Reached skill level 1 in Stealth
 18618 | D:13     | Found Beuhuuh's Antique Weapon Shop.
 20001 | D:11     | Noticed Sonja
 20001 | D:11     | Noticed Josephine
 20023 | D:11     | Killed Josephine
 20024 | Abyss:1  | Cast into level 1 of the Abyss (Sonja)
 20034 | Abyss:1  | Noticed a lich
 20046 | Abyss:1  | Killed from afar by a lich

Illustrated notes

Levels and vault maps discovered:
D:1:      wheals_arrival_shading, layout_loops_cross, basic_ecumenical_altar,
          hangedman_decor_growths
D:2:      layout_rooms, basic_altar, minmay_fractal_squares_5
D:3:      layout_loops_ring, vehumet_statue,
          wander_ebering_terrifying_dragon_lair
D:4:      layout_basic, guppyfry_early_lair_pool
D:5:      layout_basic, bloody_makhleb, mainiacjoe_overflow_six_doors_small,
          uniq_sigmund
D:6:      layout_basic, grunt_temple_overflow_opulence,
          minmay_temple_entry_waves, uniq_blork_the_orc, uniq_duvessa
D:7:      layout_basic, lemuel_crystal_altar, general_overflow_altar,
          nzn_random_ring
D:8:      layout_rooms, amcnicky_altar_gilded, eino_tiny_chamber,
          uniq_prince_ribbit1
D:9:      layout_irregular_city, nicolae_elyvilon_peaceful_grove,
          nicolae_ashenzari_panopticon, erik_orc_2, minmay_statue_crystal_thing
D:10:     minmay_the_grid_plus_closed [minmay_the_grid_outer_diamond,
          minmay_the_grid_outer_circle, minmay_the_grid_odd_star,
          minmay_the_grid_spikes, minmay_the_grid_prize_inner_circle],
          layout_basic, mainiacjoe_overflow_concentric_impassable,
          erik_lair_orcish_takeover, serial_shops, shop, kennysheep_mini, shop,
          nicolae_diamond_shop
D:11:     layout_cave_pools, minmay_quadrilaterals, uniq_josephine, uniq_sonja
D:12:     layout_cave_pods
D:13:     layout_loops_ring, erik_vaults_2, serial_shops, nicolae_diamond_shop,
          portal_ice_cave_entry_imps, enter_trove_6, kennysheep_small_spiral,
          nicolae_ru_sacrificial_ziggurat
D:14:     layout_stronghold, nrook_pool_corridor
Lair:1:   layout_regular_city, serial_bayou, serial_bayou_pond_d,
          serial_bayou_lake_a, serial_bayou_lagoon_b, serial_bayou_pond_e,
          serial_bayou_pond_b, beast_lair_carwin_9
Lair:2:   layout_gridlike, beast_lair_carwin_10
Lair:3:   layout_long_grid, elwin_shoals_entry_rocks, dummy_snake_entry,
          grunt_megastairs_5, infiniplex_staircase_pool_2, uniq_urug
Lair:4:   layout_misc_corridors, dpeg_slime_entry_enclosed
Lair:5:   evil_forest, layout_cave_pods, infiniplex_staircase_pool,
          grunt_megastairs_3, serial_bayou_shore_b
Abyss:1:  base:
Lair:2

Skill      XL: |  1  2  3  4  5  6  7  8  9 10 11 12 13 14 15 |
---------------+----------------------------------------------+-----
Maces & Flails | 3 4 5 6 7 9 10 12 15 16 | 16.0
Fighting       | 3 4 5 6 7 8 9 10 11 | 11.1
Armour         | 3 4 6 7 9 10 12 13 14 | 14.0
Shields        | 3 5 8 10 11 13 | 13.3
Evocations     | 2 6 |  6.8
Stealth        | 2 |  2.2
Short Blades   | |  0.1
Dodging        | |  1.3

Action                   |  1- 3 |  4- 6 |  7- 9 | 10-12 | 13-15 || total
-------------------------+-------+-------+-------+-------+-------++-------
Melee: Mace              |   114 |     7 |       |       |       ||   121
       Tailslap          |    11 |    13 |    30 |   103 |   188 ||   345
       Rapier            |       |   118 |   100 |       |       ||   218
       Punch             |       |     1 |     3 |       |       ||     4
       Morningstar       |       |       |   184 |   728 |   934 ||  1846
Invok: Berserk           |     1 |       |     4 |     4 |     8 ||    17
       Trog's Hand       |       |       |       |     1 |     2 ||     3
       Brothers in Arms  |       |       |       |       |     1 ||     1
Evoke: Wand              |       |       |       |       |    12 ||    12
  Use: Scroll            |     3 |     3 |     8 |    15 |     6 ||    35
       Potion            |       |       |     1 |       |       ||     1
 Stab: Distracted        |       |       |       |     1 |       ||     1
       Sleeping          |       |       |       |       |     3 ||     3
Armor: Animal skin       |    44 |     2 |       |       |       ||    46
       Scale mail        |     6 |    51 |   181 |       |       ||   238
       Chain mail        |       |       |     8 |   378 |       ||   386
       Plate armour      |       |       |       |   126 |   572 ||   698
       Shadow dragon sca |       |       |       |       |    81 ||    81
Dodge: Dodged            |    62 |    83 |   211 |   272 |   139 ||   767
Block: Kite shield       |       |       |    44 |   437 |   623 ||  1104

Table legend: (Time is in decaauts)
 A = Elapsed time spent in this place.
 B = Non-inter-level travel time spent in this place.
 C = Inter-level travel time spent in this place.
 D = Time resting spent in this place.
 E = Time spent auto-exploring this place.
 F = Levels seen in this place.
 G = Mean time per level.
                   A        B        C        D        E       F      G
               +--------+--------+--------+--------+--------+-----+--------+
         Total |  19399 |  18761 |    638 |      0 |  14076 |  21 |  923.8 |
       Dungeon |  12970 |  12495 |    475 |      0 |   9491 |  14 |  926.4 |
          Lair |   5967 |   5804 |    163 |      0 |   4367 |   5 | 1193.4 |
         Abyss |     29 |     29 |      0 |      0 |      0 |   1 |   29.0 |
      Ice Cave |    432 |    432 |      0 |      0 |    217 |   1 |  432.0 |
               +--------+--------+--------+--------+--------+-----+--------+

Top non-repeatable levels by time:
  Lair:5: 1950 daAuts
    D:10: 1532 daAuts
     D:7: 1492 daAuts
  Lair:1: 1177 daAuts
     D:6: 1078 daAuts
     D:9: 1062 daAuts
  Lair:2: 1031 daAuts
  Lair:3: 1015 daAuts
    D:13: 1012 daAuts
    D:12: 988 daAuts
     D:5: 911 daAuts
     D:1: 869 daAuts
     D:3: 820 daAuts
  Lair:4: 792 daAuts
    D:14: 783 daAuts
